 Dungeon Crawl Stone Soup version 0.19-a0-1899-g2d93087 (webtiles) character file.

39 suicidejoker the Sneak (level 3, -3/24 HPs)
             Began as a Vampire Enchanter on Oct 19, 2016.
             Slain by a goblin
             ... wielding a +0 dagger
              (5 damage)
             ... on level 2 of the Dungeon.
             The game lasted 00:03:33 (1926 turns).

suicidejoker the Sneak (Vampire Enchanter)          Turns: 1926, Time: 00:03:33

Health: -3/24      AC:  3    Str: 13    XL:     3   Next: 28%
Magic:  4/6        EV: 13    Int: 17    God:
Gold:   79         SH:  0    Dex: 14    Spells: 2 memorised, 3 levels left

rFire  . . .     SeeInvis +     a - +1 dagger
rCold  . . .     Gourm    .     b - +1 robe
rNeg   + . .     Faith    .     (no shield)
rPois  .         Spirit   .     (no helmet)
rElec  .         Reflect  .     (no cloak)
rCorr  .         Harm     .     (no gloves)
MR     .....     Clarity  +     (no boots)
Stlth  +++.......               (no amulet)
                                (no ring)
                                (no ring)

@: mighty
A: fangs 3, see invisible, clarity, unbreathing
a: Bat Form


You were on level 2 of the Dungeon.
You were not thirsty.

You visited 1 branch of the dungeon, and saw 2 of its levels.

You collected 79 gold pieces.

Inventory:

Hand Weapons
 a - a +1 dagger (weapon)
Missiles
 i - 6 needles of sleeping
 j - a throwing net (quivered)
 k - 34 stones
Armour
 b - a +1 robe (worn)
Scrolls
 f - a scroll of magic mapping {unknown}
 g - a scroll of teleportation {unknown}
 m - a scroll of blinking {unknown}
Potions
 d - 6 potions of blood
 l - a potion of heal wounds {unknown}
Books
 c - a book of Maledictions

   Spells                             Type                      Level
   a - Corona                         Hexes                        1
   b - Ensorcelled Hibernation        Hexes/Ice                    2
   c - Confuse                        Hexes                        3
   d - Tukima's Dance                 Hexes                        3
   e - Dazzling Spray                 Conjuration/Hexes            3


   Skills:
 + Level 1.3 Short Blades
 + Level 2.7 Dodging
 + Level 5.4 Stealth
 + Level 2.2 Spellcasting
 + Level 4.8 Hexes


You had 3 spell levels left.
You knew the following spells:

 Your Spells              Type           Power        Failure   Level  Hunger
a - Corona                Hex            ###....      2%          1    #......
b - Ensorcelled Hibernat  Hex/Ice        ##....       14%         2    ###....


Dungeon Overview and Level Annotations

Branches:
Dungeon (2/15)

Altars:


Innate Abilities, Weirdness & Mutations

You have razor-sharp teeth.
You have supernaturally acute eyesight. (SInv)
You can survive without breathing.
You possess an exceptional clarity of mind.


Message History

The goblin barely misses you.
You see here a giant cockroach corpse.
You hit the kobold but do no damage. Your bite misses the kobold.
The kobold misses you. The goblin barely misses you.
Casting: Ensorcelled Hibernation
Confirm with . or Enter, or press ? or * to list all spells.
Aiming: Ensorcelled Hibernation
Press: ? - help, Shift-Dir - straight line, f - kobold
Aim: a kobold, wielding a whip (chance to defeat MR: 59%)
The kobold resists with significant effort.
The kobold completely misses you. The goblin hits you with a dagger.
* * * LOW HITPOINT WARNING * * *
It was a potion of might.
You feel very mighty all of a sudden. The kobold hits you but does no damage.
The goblin barely misses you.
It was a potion of beneficial mutation.
Your thoughts seem clearer.
You feel fantastic! The kobold barely misses you.
The goblin hits you with a dagger.
You die...

###########
#Kg.......###
#@#.##.#.....
#'##s.......#
##.##K.....#.
#8.8#..†...#
##.##......#
##.###........
#8.8#......###
##.####.####
##.## .#


You could see a goblin and a kobold.

Vanquished Creatures
  A worm (D:2)
  3 dart slugs (D:2)
  A leopard gecko (D:1)
  2 giant cockroaches (D:2)
  6 hobgoblins
  2 quokkas (D:2)
  A ball python (D:2)
  3 bats
  2 frilled lizards
  2 goblins (D:2)
  3 kobolds
  2 rats (D:1)
28 creatures vanquished.

Notes
Turn   | Place    | Note
-------+----------+-------------------------------------------
     0 | D:1      | suicidejoker the Vampire Enchanter began the quest for the Orb.
     0 | D:1      | Reached XP level 1. HP: 13/13 MP: 3/3
   478 | D:1      | Reached XP level 2. HP: 16/19 MP: 5/5
   482 | D:1      | Learned a level 2 spell: Ensorcelled Hibernation
  1117 | D:2      | Reached skill level 5 in Stealth
  1687 | D:2      | Reached XP level 3. HP: 18/24 MP: 6/6
  1926 | D:2      | Gained mutation: You possess an exceptional clarity of mind. [potion of beneficial mutation]
  1926 | D:2      | Slain by a goblin

Vault maps used:
D:1:      dpeg_arrival_connections
D:2:      corexii_item_surrounded_by_moat, dk_noncrumbling_2, grunt_ministairs_2

Skill      XL: |  1  2 |
---------------+-------+-----
Stealth        | 5 |  5.4
Short Blades   | |  1.3
Dodging        | |  2.7
Spellcasting   | |  2.2
Hexes          | |  4.8

Action                   || total
-------------------------++-------
Melee: Dagger            ||   109
       Bite              ||     9
 Cast: Ensorcelled Hiber ||     5
  Use: Potion            ||     5
 Stab: Sleeping          ||     7
Armor: Robe              ||    28
Dodge: Dodged            ||    89
